 Dungeon Crawl Stone Soup version 0.28-a0-1518-gbe868bca14 (webtiles) character file.

Game seed: 14101003749867436894

9 knot the Chopper (level 2, 21/24 HPs)
             Began as a Demonspawn Berserker on Jan 17, 2022.
             Was a Follower of Trog.
             Quit the game on level 1 of the Dungeon.
             The game lasted 00:00:10 (187 turns).

knot the Chopper (Demonspawn Berserker)              Turns: 187, Time: 00:00:11

Health: 21/24      AC:  4    Str: 17    XL:     2   Next: 3%
Magic:  2/2        EV: 12    Int:  8    God:    Trog [*.....]
Gold:   29         SH:  0    Dex: 12    Spells: 1/1 levels left

rFire   . . .      SeeInvis .   a - +0 hand axe
rCold   . . .      Faith    .   (no shield)
rNeg    . . .      Spirit   .   b - +0 animal skin
rPois   .          Reflect  .   (no helmet)
rElec   .          Harm     .   (no cloak)
rCorr   .          Rampage  .   (no gloves)
Will    .....                   (no boots)
Stlth   +.........              (no amulet)
HPRegen 0.08/turn               (no ring)
MPRegen 0.08/turn               (no ring)

@: no status effects
A: molten scales 1
a: Renounce Religion, Berserk


You were on level 1 of the Dungeon.
You worshipped Trog.
Trog was aware of your devotion.
You visited 1 branch of the dungeon, and saw 1 of its levels.

You collected 29 gold pieces.

Inventory:

Hand Weapons
 a - a +0 hand axe (weapon)
Armour
 b - a +0 animal skin (worn)
Scrolls
 c - a scroll of magic mapping {unknown}


   Skills:
 - Level 3.0 Fighting
 + Level 3.2 Axes
 - Level 1.7 Armour
 - Level 1.7 Dodging


You had one spell level left.
You didn't know any spells.
Your spell library was empty.

Dungeon Overview and Level Annotations

Branches:
Dungeon (1/15)

Altars:


Innate Abilities, Weirdness & Mutations

You are partially covered in molten scales. (AC +2)


Message History

The dart slug is severely wounded.
You hit the dart slug.
You kill the dart slug!
Trog accepts your kill.
Your Axes skill increases to level 3!
No target in view!
No target in view!
You now have 12 gold pieces.
You now have 15 gold pieces (gained 3).
You now have 29 gold pieces (gained 14).
c - a scroll labelled QAVUNARAYGG You open the door.
There is an open door here.
Key pressed, stopping explore.
No target in view!
A hobgoblin comes into view.
The hobgoblin moves out of view.
No target in view!
No target in view!
No target in view!
No target in view!
A hobgoblin is nearby!
You hit the hobgoblin.
You kill the hobgoblin!
Trog accepts your kill.
No target in view!
No target in view!
No target in view!
You see here a hobgoblin corpse.
A ball python comes into view.
A dart slug comes into view.
There are monsters nearby!
The ball python bites you. The ball python barely misses you.
You hit the ball python.
You kill the ball python!
Trog accepts your kill.
You have reached level 2!
Your demonic ancestry asserts itself...
Molten scales grow over part of your body.
Are you sure you want to abandon this character and quit the game? (Confirm with "yes".)

. . #.######
...#####......#
..............#
...........#..#
.........##...#
........#.#...#
......##.#....#
#....# ##.....#
.#..# #.@...#
#.. #..†...# ..
#.......#
.........#
...........#
..##.......# .#
.#...w..#
.#.#.....#


You could see a dart slug (asleep).

Vanquished Creatures
  A dart slug (D:1)
  A ball python (D:1)
  An endoplasm (D:1)
  A giant cockroach (D:1)
  A hobgoblin (D:1)
  A frilled lizard (D:1)
6 creatures vanquished.

Notes
Turn   | Place    | Note
-------+----------+-------------------------------------------
     0 | D:1      | knot the Demonspawn Berserker began the quest for the Orb.
     0 | D:1      | Reached XP level 1. HP: 18/18 MP: 1/1
   187 | D:1      | Gained mutation: You are partially covered in molten
                  | scales. (AC +2) [demonic ancestry]
   187 | D:1      | Reached XP level 2. HP: 21/24 MP: 2/2
   187 | D:1      | Quit the game

Illustrated notes

Levels and vault maps discovered:
D:1:      psy_arrival_spokes, layout_basic, kennysheep_nondescript,
          minmay_misc_feat_secret_circle

Skill      XL: |  1 |
---------------+----+-----
Axes           | 3 |  3.2
Fighting       | |  3.0
Armour         | |  1.7
Dodging        | |  1.7

Action                   || total
-------------------------++-------
Melee: Hand axe          ||    15
Dodge: Dodged            ||    10

Table legend: (Time is in decaauts)
 A = Elapsed time spent in this place.
 B = Non-inter-level travel time spent in this place.
 C = Inter-level travel time spent in this place.
 D = Time resting spent in this place.
 E = Time spent auto-exploring this place.
 F = Levels seen in this place.
 G = Mean time per level.
                   A        B        C        D        E       F      G
               +--------+--------+--------+--------+--------+-----+--------+
         Total |    189 |    189 |      0 |      0 |    153 |   1 |  189.0 |
       Dungeon |    189 |    189 |      0 |      0 |    153 |   1 |  189.0 |
               +--------+--------+--------+--------+--------+-----+--------+

Top non-repeatable levels by time:
     D:1: 189 daAuts
